 Dungeon Crawl Stone Soup version 0.31.0-11-ge490571c62 (webtiles) character file.

Game seed: 7145350544217292069

7 Esekla the Trooper (level 2, -1/25 HPs)
             Began as a Barachi Cinder Acolyte on Jan 27, 2024.
             Was a High Priest of Ignis.
             Slain by a goblin
             ... wielding a +0 club
              (2 damage)
             ... on level 1 of the Dungeon.
             The game lasted 00:00:48 (93 turns).

Esekla the Trooper (Barachi Cinder Acolyte)           Turns: 93, Time: 00:00:48

Health: -1/25      AC:  2    Str: 15    XL:     2   Next: 4%
Magic:  3/3        EV: 11    Int: 14    God:    Ignis [*****.]
Gold:   44         SH:  0    Dex:  7    Spells: 3/3 levels left

rFire   + . .        a - -1 falchion (flame)
rCold   . . .        (no shield)
rNeg    . . .        b - +0 robe
rPois   .            (no helmet)
rElec   .            (no cloak)
rCorr   .            (no gloves)
SInv    .            (no boots)
Will    .....        (no amulet)
Stlth   +            (no ring)
HPRegen 0.24/turn    (no ring)
MPRegen 0.08/turn

%: no passive effects
@: slow
A: amphibious, slowness 1, strong legs 1, +LOS
a: Hop, Renounce Religion, Fiery Armour, Foxfire Swarm, Rising Flame


You were on level 1 of the Dungeon.
You worshipped Ignis.
Ignis was extremely pleased with you.
You visited 1 branch of the dungeon, and saw 1 of its levels.

You collected 44 gold pieces.

Inventory:

Hand Weapons
 a - a -1 falchion of flaming (weapon)
 c - a +0 dagger
Armour
 b - a +0 robe (worn)
Scrolls
 d - a scroll of vulnerability {unknown}


   Skills:
 * Level 4.1 Fighting
 * Level 3.8 Long Blades
 * Level 1.1 Spellcasting
 + Level 3.3 Fire Magic


You had 3 spell levels left.
You didn't know any spells.
Your spell library contained the following spells:

 Spells                   Type           Power      Damage    Failure   Level
 Scorch                   Fire           20%        2d5       10%         2


Dungeon Overview and Level Annotations

Branches:
Dungeon (1/15)

Altars:


Innate Abilities, Weirdness & Mutations

You are amphibious.
You cover ground slowly.
You can hop short distances.
You have an extended range of vision and can be seen from far away.


Message History

You hit the dart slug. You burn the dart slug.
You kill the dart slug!
The goblin hits you with a +0 club.
Your Fighting skill increases to level 4!
You have reached level 2!
You closely miss the goblin. The goblin barely misses you.
You hit the goblin. You burn the goblin.
The goblin is severely wounded.
The goblin closely misses you.
You hit the goblin but do no damage.
The goblin is severely wounded.
The goblin closely misses you.
You completely miss the goblin.
The goblin is severely wounded.
The goblin barely misses you.
You barely miss the goblin.
The goblin is heavily wounded.
The goblin misses you.
You closely miss the goblin.
The goblin is heavily wounded.
The goblin hits you with a +0 club.
You closely miss the goblin.
The goblin is heavily wounded.
The goblin closely misses you. The goblin hits you with a +0 club.
You barely miss the goblin.
The goblin is moderately wounded.
The goblin hits you with a +0 club.
* * * LOW HITPOINT WARNING * * *
You barely miss the goblin.
The goblin is moderately wounded.
The goblin hits you with a +0 club.
* * * LOW HITPOINT WARNING * * *
You closely miss the goblin.
The goblin is moderately wounded.
The goblin hits you with a +0 club.
* * * LOW HITPOINT WARNING * * *
You miss the goblin.
The goblin is moderately wounded.
The goblin hits you with a +0 club.
You die...

......#.....###.......#
.#...###....#!...#.####
....#..........##.#
#...#...........#
#..##.......#######
#.##........#
#......#.##.#
###....##g# ...
.........@.# ##...
...........# ####
##.......### #.#.....
#..##.... >. ......
..##.#. #.. .?.. ..
####.


You could see a goblin.

Vanquished Creatures
  A dart slug (D:1)
  A hobgoblin (D:1)
  A kobold (D:1)
  A bat (D:1)
  2 frilled lizards (D:1)
6 creatures vanquished.

Notes
Turn   | Place    | Note
-------+----------+-------------------------------------------
     0 | D:1      | Esekla the Barachi Cinder Acolyte began the quest for the
                  | Orb.
     0 | D:1      | Reached XP level 1. HP: 18/18 MP: 2/2
    83 | D:1      | Reached skill level 4 in Fighting
    83 | D:1      | Reached XP level 2. HP: 10/25 MP: 3/3
    92 | D:1      | HP: 1/25 [goblin/+0 club (4)]
    93 | D:1      | Slain by a goblin

Illustrated notes

Levels and vault maps discovered:
D:1:      tarquinn_simple_flora_water_f, layout_rooms, hex_intersection,
          patterned_corridor

Skill      XL: |  1 |
---------------+----+-----
Fighting       | 4 |  4.1
Long Blades    | |  3.8
Spellcasting   | |  1.1
Fire Magic     | |  3.3

Action                     || total
---------------------------++-------
  Melee: Falchion          ||    34
 Armour: Robe              ||    19
  Dodge: Dodged            ||    20
